 Dungeon Crawl Stone Soup version 0.19.0-11-g3fc08b3 (console) character file.

2650 Kloppie the Fighter (level 9, -3/114 (115) HPs)
             Began as a Demonspawn Berserker on Nov 9, 2016.
             Was an Elder of Trog.
             Slain by an orc warrior
             ... wielding a +0 war axe
              (13 damage)
             ... on level 8 of the Dungeon.
             The game lasted 00:10:40 (6482 turns).

Kloppie the Fighter (Demonspawn Berserker)          Turns: 6482, Time: 00:10:41

HP:   -3/114 (115)  AC: 11    Str: 23    XL:     9   Next: 36%
MP:   9/9           EV: 10    Int:  9    God:    Trog [****..]
Gold: 427           SH:  0    Dex: 15    Spells: 0 memorised, 8 levels left

rFire  . . .     SeeInvis +     a - +1 flail
rCold  . . .     Gourm    +     r - +0 chain mail
rNeg   . . .     Faith    .     (no shield)
rPois  .         Spirit   .     l - +1 helmet {SInv}
rElec  .         Reflect  .     (no cloak)
rCorr  .         Harm     .     u - +0 pair of gloves
MR     ++...                    (no boots)
Stlth  ..........               j - amulet of the gourmand
                                z - ring of stealth
                                (no ring)

@: berserking (expiring), regenerating, drained, very quick
A: claws 1, repulsion field 1, demonic guardian 1, spiny 1
a: Berserk, Trog's Hand, Brothers in Arms, Burn Spellbooks, Renounce Religion


You were on level 8 of the Dungeon.
You worshipped Trog.
Trog was greatly pleased with you.
You were very full.

You visited 1 branch of the dungeon, and saw 8 of its levels.

You collected 427 gold pieces.

Inventory:

Hand Weapons
 a - a +1 flail (weapon)
Armour
 l - a +1 helmet of see invisible (worn)
 r - a +0 chain mail (worn)
 u - a +0 pair of gloves (worn)
Jewellery
 j - an amulet of the gourmand (around neck)
 z - a ring of stealth (right hand)
Wands
 q - a wand of confusion (47/48)
Scrolls
 k - 2 scrolls of magic mapping
 n - 2 scrolls of remove curse
 p - a scroll of recharging
 t - 2 scrolls of teleportation
 w - a scroll of blinking
Potions
 e - a potion of curing
 g - 4 potions of agility
 i - 2 potions of might
 m - a potion of berserk rage {unknown}
 o - a potion of flight {unknown}
 s - 2 potions of invisibility {unknown}
 v - a potion of cure mutation {unknown}
 x - a potion of resistance {unknown}
 A - a potion of lignification {unknown}
 B - a potion of ambrosia {unknown}
 E - a potion of brilliance {unknown}
 J - 2 potions of heal wounds {unknown}
Books
 h - a book of Air

   Spells                             Type                      Level
   a - Shock                          Conjuration/Air              1
   b - Swiftness                      Charms/Air                   2
   c - Repel Missiles                 Charms/Air                   2
   d - Static Discharge               Conjuration/Air              3
   e - Lightning Bolt                 Conjuration/Air              5
   Trog disapproves of the use of such an item.
 y - a book of Maledictions

   Spells                             Type                      Level
   a - Corona                         Hexes                        1
   b - Ensorcelled Hibernation        Hexes/Ice                    2
   c - Confuse                        Hexes                        3
   d - Tukima's Dance                 Hexes                        3
   e - Dazzling Spray                 Conjuration/Hexes            3
   Trog disapproves of the use of such an item.
Comestibles
 b - 3 meat rations
 c - 4 bread rations
 d - 4 chunks of flesh
 f - 2 fruits
 C - a slice of pizza
 I - a beef jerky


   Skills:
 + Level 9.4(8.6) Fighting
 + Level 8.9(8.1) Maces & Flails
 - Level 1.7(1.0) Armour
 - Level 1.7(1.0) Dodging


You had 8 spell levels left.
You didn't know any spells.

Dungeon Overview and Level Annotations

Branches:
Dungeon (8/15)             Temple (0/1) D:6            Lair (0/6) D:8

Altars:
Ashenzari
Cheibriados
Dithmenos
Elyvilon
Okawaru
Qazlal


Innate Abilities, Weirdness & Mutations

You have sharp fingernails.
You are surrounded by a mild repulsion field. (EV +2)
A weak demonic guardian rushes to your aid.
You are partially covered in sharp spines.


Message History

You closely miss the orc warrior.
The orc warrior is severely wounded.
Your ufetubus hits the killer bee. x2
The orc warrior hits you with a war axe!
* * * LOW HITPOINT WARNING * * *
The orc hits you with a hand axe.
* * * LOW HITPOINT WARNING * * *
The hound bites you but does no damage.
Your shadow imp closely misses the hound.
The orc wizard barely misses you.
You barely miss the orc warrior.
The orc warrior is severely wounded.
The killer bee is struck by your spines.
The killer bee stings you but does no damage.
Your ufetubus hits the killer bee.
The killer bee dies!
Trog accepts your kill. The hound is struck by your spines.
The hound closely misses you.
The orc warrior hits you with a war axe!
You die...

...... #.. .#####
.#..##.#.#
.########..........
..........##......
.................. ###
...........#..... ....
...........#.#..###..###
...........#.#5†#o......
....÷......#.#.5@oo..#
.###.##...##.#.h#o#.##
###[####..........# #.
#####.#........ .#
#.%........ #.
#####.#..#. #÷ .#### ##


You could see an orc warrior, a hound, an orc wizard (invisible), 2 orcs, a
friendly shadow imp and a friendly ufetubus.

Vanquished Creatures
  A two-headed ogre (D:8)
  A hippogriff (D:7)
  A hungry ghost (D:7)
  2 hell hounds
  2 orc warriors
  An ogre (D:5)
  3 centaurs
  3 bullfrogs
  A scorpion (D:6)
  10 killer bees (D:7)
  3 orc priests
  2 bullfrog skeletons
  A jelly (D:4)
  4 orc wizards
  An iguana (D:5)
  3 worker ants
  A hound skeleton (D:7)
  A worker ant zombie (D:7)
  4 gnolls
  A howler monkey skeleton (D:4)
  12 adders
  A shadow imp (D:7)
  An ooze (D:3)
  An adder zombie (D:4)
  3 dart slugs
  7 leopard geckos
  20 orcs
  7 bats
  7 giant cockroaches
  9 goblins
  9 hobgoblins
  15 jackals
  6 kobolds
  2 quokkas
  A ball python (D:3)
  5 frilled lizards
  A quokka skeleton (D:4)
  3 rats
156 creatures vanquished.

Vanquished Creatures (collateral kills)
  A necrophage (D:7)
  A scorpion (D:6)
  2 killer bees
  A bullfrog skeleton (D:4)
5 creatures vanquished.

Grand Total: 161 creatures vanquished

Notes
Turn   | Place    | Note
-------+----------+-------------------------------------------
     0 | D:1      | Kloppie the Demonspawn Berserker began the quest for the Orb.
     0 | D:1      | Reached XP level 1. HP: 18/18 MP: 1/1
    88 | D:1      | Gained mutation: A weak demonic guardian rushes to your aid. [demonic ancestry]
    88 | D:1      | Reached XP level 2. HP: 24/24 MP: 2/2
   897 | D:1      | Reached XP level 3. HP: 27/29 MP: 3/3
  1284 | D:2      | Reached skill level 4 in Fighting
  1289 | D:2      | Gained mutation: You have sharp fingernails. [demonic ancestry]
  1289 | D:2      | Reached XP level 4. HP: 37/37 MP: 4/4
  1333 | D:2      | Found a white marble altar of Elyvilon.
  1373 | D:2      | Reached ** piety under Trog
  1544 | D:2      | Found a snail-covered altar of Cheibriados.
  1868 | D:3      | Found a shadowy altar of Dithmenos.
  2047 | D:3      | Found a shattered altar of Ashenzari.
  2122 | D:3      | Found an iron altar of Okawaru.
  2157 | D:3      | Gained mutation: You are partially covered in sharp spines. [demonic ancestry]
  2157 | D:3      | Reached XP level 5. HP: 43/43 MP: 5/5
  2923 | D:4      | Reached *** piety under Trog
  2943 | D:4      | Found a stormy altar of Qazlal.
  3059 | D:4      | Reached skill level 5 in Fighting
  3152 | D:4      | Reached XP level 6. HP: 48/51 MP: 6/6
  3517 | D:5      | Entered Level 5 of the Dungeon
  3687 | D:5      | Reached skill level 5 in Maces & Flails
  4114 | D:5      | Reached skill level 6 in Fighting
  4114 | D:5      | Gained mutation: You are surrounded by a mild repulsion field. (EV +2) [demonic ancestry]
  4114 | D:5      | Reached XP level 7. HP: 58/58 MP: 7/7
  5107 | D:6      | Found a staircase to the Ecumenical Temple.
  5519 | D:7      | Reached skill level 7 in Fighting
  5530 | D:7      | You fall through a shaft!
  5540 | D:8      | Noticed a two-headed ogre
  5554 | D:8      | Killed a two-headed ogre
  5554 | D:8      | Reached XP level 8. HP: 66/66 MP: 8/8
  5727 | D:7      | Reached **** piety under Trog
  5766 | D:7      | Noticed a hippogriff
  5776 | D:7      | Killed a hippogriff
  5776 | D:7      | Reached skill level 8 in Fighting
  6108 | D:7      | Reached XP level 9. HP: 73/74 MP: 9/9
  6139 | D:7      | Reached skill level 9 in Fighting
  6427 | D:8      | Found a staircase to the Lair.
  6482 | D:8      | Slain by an orc warrior

Skill      XL: |  1  2  3  4  5  6  7  8  9 |
---------------+----------------------------+-----
Maces & Flails | 3 4 5 6 8 |  8.9
Fighting       | 4 5 6 7 8 9 |  9.4
Armour         | |  1.7
Dodging        | |  1.7

Action                   |  1- 3 |  4- 6 |  7- 9 || total
-------------------------+-------+-------+-------++-------
Melee: Mace              |   113 |   208 |    15 ||   336
       Flail             |       |       |   132 ||   132
Invok: Berserk           |     5 |     5 |     7 ||    17
       Trog's Hand       |       |       |     1 ||     1
  Use: Scroll            |       |     2 |    13 ||    15
 Stab: Distracted        |       |       |     3 ||     3
  Eat: Chunk             |     5 |    25 |    21 ||    51
Armor: Animal skin       |    15 |       |       ||    15
       Scale mail        |    38 |    63 |       ||   101
       Chain mail        |       |    53 |    86 ||   139
Dodge: Dodged            |   104 |   109 |    78 ||   291
